 Dungeon Crawl Stone Soup version 0.18-b1-20-g17449fe (webtiles) character file.

198 Helmschank the Digger (level 6, -1/41 HPs)
             Began as a Formicid Earth Elementalist on May 3, 2016.
             Slain by a gnoll
             ... wielding a +0 halberd
              (11 damage)
             ... on level 2 of the Dungeon.
             The game lasted 00:14:58 (2632 turns).

Helmschank the Digger (Formicid Earth Elementalist) Turns: 2632, Time: 00:15:00

Health: -1/41      AC:  3    Str: 14    XL:     6   Next: 5%
Magic:  1/9        EV: 13    Int: 15    God:
Gold:   49         SH:  0    Dex: 11    Spells: 3 memorised, 3 levels left

rFire  . . .     SeeInvis +     a - +0 dagger
rCold  . . .     Gourm    .     w - +0 robe {MR+}
rNeg   . . .     Faith    .     (no shield)
rPois  .         Spirit   .     (helmet unavailable)
rElec  .         Dismiss  .     (no cloak)
rCorr  .         Reflect  .     e - +0 pair of gloves
SustAt .         Harm     .     (no boots)
MR     +....                    (no amulet)
Stlth  ++........               (no ring)
                                (no ring)

@: somewhat resistant to hostile enchantments, unstealthy
A: permanent stasis, dig shafts and tunnels, four strong arms, antennae 3
a: Dig, Shaft Self


You were on level 2 of the Dungeon.
You were not hungry.

You visited 1 branch of the dungeon, and saw 2 of its levels.

You collected 49 gold pieces.

Inventory:

Hand Weapons
 a - a +0 dagger (weapon)
 j - a +0 club
Missiles
 b - 12 stones (quivered)
Armour
 e - a +0 pair of gloves (worn)
 w - a +0 robe of magic resistance (worn)
Jewellery
 l - an uncursed amulet of the gourmand {unknown}
Wands
 k - a wand of teleportation (3/9)
Scrolls
 f - 3 scrolls of remove curse {unknown}
 g - a scroll of fear {unknown}
 p - a scroll of identify {unknown}
 q - a scroll of noise {unknown}
 r - a scroll of immolation {unknown}
 v - 2 scrolls of teleportation {unknown}
Potions
 h - 2 potions of heal wounds {unknown}
 i - a potion of magic {unknown}
 m - a potion of berserk rage {unknown}
Books
 c - a book of Geomancy

   Spells                             Type                      Level
   a - Sandblast                      Earth                        1
   b - Passwall                       Transmutation/Earth          2
   c - Stone Arrow                    Conjuration/Earth            3
   d - Petrify                        Transmutation/Earth          4
   e - Lee's Rapid Deconstruction     Earth                        5
Comestibles
 d - 2 bread rations
 n - 4 fruits
 o - a royal jelly
 t - 3 meat rations
 u - 2 chunks of flesh


   Skills:
 * Level 2.6 Short Blades
 + Level 3.3 Dodging
 - Level 2.4 Stealth
 - Level 2.1 Spellcasting
 + Level 0.5 Conjurations
 - Level 1.1 Transmutations
 - Level 5.2 Earth Magic


You had 3 spell levels left.
You knew the following spells:

 Your Spells              Type           Power        Failure   Level  Hunger
a - Stone Arrow           Conj/Erth      ##....       24%         3    ###....
q - Passwall              Trmt/Erth      ##........   12%         2    ###....
z - Sandblast             Erth           ###...       2%          1    #......


Dungeon Overview and Level Annotations

Branches:
Dungeon (2/15)

Altars:
Ru


Innate Abilities, Weirdness & Mutations

You are under a permanent stasis effect.
You can dig through walls and to a lower floor.
Your four strong arms can wield two-handed weapons with a shield.
You have a pair of large antennae on your head (SInv).


Message History

Casting: Sandblast
Confirm with . or Enter, or press ? or * to list all spells.
You don't have enough magic to cast that spell.
Casting: Sandblast
Confirm with . or Enter, or press ? or * to list all spells.
You don't know that spell.
Wield which item (- for none, * to show all)? (? for menu, Esc to quit)
Okay, then.
a - a +0 dagger (weapon)
The gnoll closely misses you.
You see here a club.
You hit the gnoll but do no damage. The gnoll hits you with a halberd!
You hit the gnoll.
The gnoll is lightly wounded.
The gnoll hits you with a halberd.
* * * LOW HITPOINT WARNING * * *
You hit the gnoll.
The gnoll is moderately wounded.
The gnoll hits you with a halberd!
You die...

.##)#.###.# #...#####...###.#
.##.#...).# ###.....'...+.#.####
.##.#..##############...#.#<.#.##
....#......#.......#......#..#...
######.##.................#....#.
#........†.......#.##..........#.
#.####.###.......#........#....#.
..# #.........#g#........##.....
################@#.#....#.....#..
........#......#.#.....##.#......
.#.####.#.####.#.########.#.#....
.#.####.#.####.#........#.#.####.
).......#.#>.......####.#.#.####.
...###..#.#..................(...
...#......######.#.####.#.#.###.#
.#.#.#.#.## #.#.## #.#.#.###..
.#[#.#.#.#######.#..###...#.#....


You could see a gnoll.

Vanquished Creatures
  Jessica (D:2)
  Natasha (thrice) (D:2)
  2 gnolls (D:2)
  2 adders (D:2)
  4 oozes
  A worm (D:2)
  A dart slug (D:1)
  3 giant geckos
  A giant cockroach (D:2)
  3 goblins
  7 hobgoblins
  3 jackals (D:1)
  4 bats
  4 giant newts
  2 kobolds (D:2)
  3 rats
44 creatures vanquished.

Notes
Turn   | Place    | Note
--------------------------------------------------------------
     0 | D:1      | Helmschank the Formicid Earth Elementalist began the quest for the Orb.
     0 | D:1      | Reached XP level 1. HP: 13/13 MP: 3/3
   255 | D:1      | Reached XP level 2. HP: 19/19 MP: 3/5
   301 | D:1      | Reached skill level 4 in Earth Magic
   671 | D:1      | Learned a level 2 spell: Passwall
   939 | D:1      | Reached XP level 3. HP: 24/24 MP: 3/6
  1534 | D:2      | Reached XP level 4. HP: 30/30 MP: 4/7
  1807 | D:2      | Reached skill level 1 in Short Blades
  1869 | D:2      | Noticed Jessica
  1874 | D:2      | Killed Jessica
  2123 | D:2      | Noticed Natasha
  2133 | D:2      | Killed Natasha
  2133 | D:2      | Reached XP level 5. HP: 27/35 MP: 1/8
  2134 | D:2      | Reached skill level 5 in Earth Magic
  2454 | D:2      | Noticed Natasha
  2482 | D:2      | Killed Natasha
  2503 | D:2      | Found a sacrificial altar of Ru.
  2504 | D:2      | Noticed Natasha
  2507 | D:2      | Killed Natasha
  2549 | D:2      | Noticed an orc warrior
  2590 | D:2      | Learned a level 3 spell: Stone Arrow
  2623 | D:2      | Reached XP level 6. HP: 39/41 MP: 4/9
  2632 | D:2      | Slain by a gnoll

Skill      XL: |  1  2  3  4  5 |
---------------+----------------+-----
Dodging        | 2 3 |  3.3
Earth Magic    | 4 5 |  5.2
Short Blades   | 1 2 |  2.6
Stealth        | |  2.4
Spellcasting   | |  2.1
Conjurations   | |  0.5
Transmutations | |  1.1

Action                   |  1- 3 |  4- 6 || total
-------------------------+-------+-------++-------
Melee: Dagger            |     4 |    24 ||    28
Throw: Stone             |     6 |       ||     6
 Cast: Sandblast         |    42 |    47 ||    89
       Passwall          |     1 |       ||     1
  Eat: Chunk             |     2 |     5 ||     7
Armor: Robe              |     8 |     2 ||    10
Dodge: Dodged            |    36 |    16 ||    52
